 Dungeon Crawl Stone Soup version 0.29.1-12-g30fa7ad0bf (webtiles) character file.

Game seed: 9677925054609099891

14 hawla the Chiller (level 2, 0/20 HPs)
             Began as a Meteoran Ice Elementalist on Jan 5, 2023.
             Slain by a frilled lizard (1 damage)
             ... on level 2 of the Dungeon.
             The game lasted 00:01:34 (354 turns).

hawla the Chiller (Meteoran Ice Elementalist)        Turns: 354, Time: 00:01:34

Health: 0/20       AC:  2    Str:  9    XL:     2   Next: 82%
Magic:  3/6        EV: 12    Int: 16    God:
Gold:   76         SH:  0    Dex: 14    Spells: 5/6 levels left

rFire   . . .      SeeInvis .   (no weapon)
rCold   . . .      Faith    .   (no shield)
rNeg    . . .      Spirit   .   a - +0 robe
rPois   .          Reflect  .   (no helmet)
rElec   .          Harm     .   (no cloak)
rCorr   .          Rampage  .   (no gloves)
Will    .....                   (no boots)
Stlth   +.........              (no amulet)
HPRegen 0.06/turn               (no ring)
MPRegen 0.10/turn               (no ring)

@: very slightly contaminated, glowing
A: sense surroundings 1, otherworldly, glowing, explore regen
a: no special abilities


You were on level 2 of the Dungeon.
You visited 1 branch of the dungeon, and saw 2 of its levels.

You collected 76 gold pieces.

Inventory:

Armour
 a - a +0 robe (worn)
Scrolls
 c - a scroll of identify
Potions
 b - a potion of magic
 d - a potion of might {unknown}


   Skills:
 + Level 2.6 Dodging
 - Level 1.4 Stealth
 + Level 2.8 Spellcasting
 + Level 5.0 Ice Magic


You had 5 spell levels left.
You knew the following spells:

 Your Spells              Type           Power      Damage    Failure   Level
a - Freeze                Ice            72%        1d9       2%          1

Your spell library contained the following spells:

 Spells                   Type           Power      Damage    Failure   Level
 Frozen Ramparts          Ice            36%        1d6       8%          3
 Ozocubu's Armour         Ice            18%        N/A       8%          3
 Hailstorm                Conj/Ice       10%        3d5       56%         4


Dungeon Overview and Level Annotations

Branches:
Dungeon (2/15) Zot: 845

Altars:

Annotations:
D:2 Jessica, Terence


Innate Abilities, Weirdness & Mutations

You passively map a small area around you.
You are easily found by Zot.
You glow in the dark.
You regain HP and MP as you explore.


Message History

The slug dart hits you. The frilled lizard closely misses you.
The frilled lizard attacks as you move away!
The frilled lizard closely misses you.
Casting: Freeze (safe; 2% risk of failure)
Confirm with . or Enter, or press ? or * to list all spells.
You don't know that spell.
Casting: Freeze (safe; 2% risk of failure)
Confirm with . or Enter, or press ? or * to list all spells.
You don't know that spell.
Casting: Freeze (safe; 2% risk of failure)
Confirm with . or Enter, or press ? or * to list all spells.
Aiming: Freeze (safe; 2% risk of failure)
Press: ? - help, Shift-Dir - straight line, f - hobgoblin, p - dart slug
Aim: a hobgoblin You miscast Freeze.
You are very lightly contaminated with residual magic.
Nothing appears to happen.
Jessica zaps a wand.
Some rock shatters into small pieces.
The hobgoblin hits you. The frilled lizard bites you.
Casting: Freeze (safe; 2% risk of failure)
Confirm with . or Enter, or press ? or * to list all spells.
Aiming: Freeze (safe; 2% risk of failure)
Press: ? - help, Shift-Dir - straight line, f/p - hobgoblin
Aim: a hobgoblin You freeze the hobgoblin!
You kill the hobgoblin!
The frilled lizard bites you but does no damage.
Your Ice Magic skill increases to level 5!
Casting: Freeze (safe; 2% risk of failure)
Confirm with . or Enter, or press ? or * to list all spells.
Aiming: Freeze (safe; 2% risk of failure)
Press: ? - help, Shift-Dir - straight line, f - Jessica
Aim: Jessica, wielding a +0 club, wearing a +0 robe and carrying a wand of digging (4) (fast)
You freeze Jessica.
Jessica is moderately wounded.
Jessica hits you with a +0 club!
* * * LOW HITPOINT WARNING * * *
The frilled lizard bites you.
You die...

, ....... ,.# ..
, ,,
##.........#,#..
,
#..........#....
, ,
..........#..#
.............# *.
+
*#....##.##.##..
, #....<.........
#..............
###@lw.........
,#...@#.........
,, , ,
+.............. *
#.............. ,
,
................,
, *
.............####
,
..............#,
, ,*,
........###...# ,
* ,


You could see a dart slug, Jessica (fast) and a frilled lizard.

Vanquished Creatures
  A dart slug (D:1)
  A giant cockroach (D:1)
  3 goblins (D:1)
  A hobgoblin (D:2)
  3 ball pythons (D:1)
  2 frilled lizards (D:1)
  A rat (D:1)
12 creatures vanquished.

Notes
Turn   | Place    | Note
-------+----------+-------------------------------------------
     0 | D:1      | hawla the Meteoran Ice Elementalist began the quest for the
                  | Orb.
     0 | D:1      | Reached XP level 1. HP: 14/14 MP: 5/5
   158 | D:1      | Reached XP level 2. HP: 10/20 MP: 3/6
   160 | D:2      | Noticed Terence
   343 | D:2      | Noticed Jessica
   354 | D:2      | Reached skill level 5 in Ice Magic
   354 | D:2      | HP: 1/20 [Jessica/+0 club (7)]
   354 | D:2      | Slain by a frilled lizard

Illustrated notes

Levels and vault maps discovered:
D:1:      co_arrival_random_square_maze, layout_loops_ring,
          chequers_ecumenical_altar_simple, serial_bayou_pond_d
D:2:      layout_basic, kennysheep_minor_cross, minmay_bisected, uniq_jessica,
          uniq_robin, uniq_terence

Skill      XL: |  1  2 |
---------------+-------+-----
Ice Magic      | 5 |  5.0
Dodging        | |  2.6
Stealth        | |  1.4
Spellcasting   | |  2.8

Action                   || total
-------------------------++-------
Melee: Unarmed           ||     4
 Cast: Freeze            ||    18
  Use: Scroll            ||     2
Armor: Robe              ||     5
Dodge: Dodged            ||    15
